 Dungeon Crawl Stone Soup version 0.20-a0-556-g892c87b (webtiles) character file.

140 Kidiri the Magician (level 5, -2/42 HPs)
             Began as a Deep Elf Fire Elementalist on Feb 4, 2017.
             Slain by Sigmund
             ... wielding a +0 vampiric scythe
              (14 damage)
             ... on level 3 of the Dungeon.
             The game lasted 00:09:33 (3142 turns).

Kidiri the Magician (Deep Elf Fire Elementalist)    Turns: 3142, Time: 00:09:34

Health: -2/42      AC:  2    Str: 10    XL:     5   Next: 2%
Magic:  4/14       EV: 13    Int: 21    God:
Gold:   92         SH:  0    Dex: 15    Spells: 1/14 levels left

rFire    . . .     SeeInvis +   e - +1 short sword
rCold    . . .     Gourm    .   a - +0 robe
rNeg     . . .     Faith    .   (no shield)
rPois    .         Spirit   .   i - +0 hat
rElec    .         Reflect  .   (no cloak)
rCorr    .         Harm     .   (no gloves)
MR       .....                  (no boots)
Stlth    ..........             t - amulet of magic regeneration
Regen    0.2/turn               (no ring)
                                f - ring of see invisible

@: berserking, very slightly contaminated, very quick
A: no striking features
a: no special abilities


You were on level 3 of the Dungeon.
You were not hungry.

You visited 1 branch of the dungeon, and saw 3 of its levels.

You collected 92 gold pieces.

Inventory:

Hand Weapons
 e - a +1 short sword (weapon)
Armour
 a - a +0 robe (worn)
 i - a +0 hat (worn)
Jewellery
 f - a ring of see invisible (left hand)
 t - an amulet of magic regeneration (around neck)
Scrolls
 j - 2 scrolls of magic mapping
 k - a scroll of teleportation {unknown}
 q - a scroll of random uselessness {unknown}
 s - 2 scrolls of remove curse {unknown}
Potions
 g - 3 potions of lignification {unknown}
 m - 4 potions of brilliance {unknown}
 r - a potion of magic {unknown}
Books
 b - a book of Flames

   Spells                             Type                      Level
   a - Flame Tongue                   Conjuration/Fire             1
   b - Throw Flame                    Conjuration/Fire             2
   c - Conjure Flame                  Conjuration/Fire             3
   d - Inner Flame                    Hexes/Fire                   3
   e - Sticky Flame                   Conjuration/Fire             4
   f - Fireball                       Conjuration/Fire             5
Comestibles
 c - 2 bread rations
 d - a royal jelly
 h - 4 meat rations
 n - 7 chunks of flesh
 p - 4 fruits


   Skills:
 - Level 2.4 Dodging
 - Level 2.4 Stealth
 * Level 5.3 Spellcasting
 + Level 2.9 Conjurations
 + Level 4.1 Fire Magic


You had one spell level left.
You knew the following spells:

 Your Spells              Type           Power        Failure   Level  Hunger
a - Flame Tongue          Conj/Fire      ###..        2%          1    None
b - Throw Flame           Conj/Fire      ###...       4%          2    None
c - Conjure Flame         Conj/Fire      ###.....     10%         3    ##.....
d - Inner Flame           Hex/Fire       ##......     17%         3    ##.....
e - Sticky Flame          Conj/Fire      ###.....     28%         4    ####...


Dungeon Overview and Level Annotations

Branches:
Dungeon (3/15)

Altars:
Elyvilon
Yredelemnul
Zin

Annotations:
D:3 Sigmund


Message History

Sigmund draws strength from your wounds!
Casting: Sticky Flame
Confirm with . or Enter, or press ? or * to list all spells.
Aiming: Sticky Flame
Press: ? - help, Shift-Dir - straight line, f/p - Sigmund
Aim: Sigmund, wielding a vampiric scythe and wearing an embroidered robe (moderately wounded)
You miscast Sticky Flame.
You feel uncomfortably hot.
Casting: Sticky Flame
Confirm with . or Enter, or press ? or * to list all spells.
Okay, then.
Unknown command.
A red film seems to cover your vision as you go berserk!
You feel yourself moving faster!
You feel mighty!
Sigmund hits you with a vampiric scythe!
* * * LOW HITPOINT WARNING * * *
Sigmund draws strength from your wounds!
You puncture Sigmund!
Sigmund is heavily wounded.
Sigmund hits you with a vampiric scythe!
You die...

### ######.# #......#
####### ##....#.##
####.....## .....#..#
#....###... #.
......###....# #..#
###.####.#.........# #...
........@.)........# #...
....#####@#.##.#.### ####
# #......#.##.#.#####
#.##<#.##.........#
#.#####.##@#.##.#.......#
#..........####.#.##....#
######.#### #.#.#######
#.#.. ..#.# #.#.# #####


You could see Sigmund.

Vanquished Creatures
  2 adders (D:2)
  6 gnolls
  An ooze (D:2)
  2 dart slugs
  2 leopard geckos
  An orc (D:3)
  3 bats
  A giant cockroach (D:1)
  3 goblins
  8 hobgoblins
  7 jackals
  A ball python (D:2)
  3 frilled lizards
  4 kobolds
  14 rats
58 creatures vanquished.

Notes
Turn   | Place    | Note
-------+----------+-------------------------------------------
     0 | D:1      | Kidiri the Deep Elf Fire Elementalist began the quest for the Orb.
     0 | D:1      | Reached XP level 1. HP: 10/10 MP: 6/6
   152 | D:1      | Reached XP level 2. HP: 14/15 MP: 4/8
   156 | D:1      | Learned a level 2 spell: Throw Flame
  1145 | D:2      | Reached skill level 4 in Spellcasting
  1145 | D:2      | Reached XP level 3. HP: 19/19 MP: 3/10
  1151 | D:2      | Learned a level 3 spell: Conjure Flame
  1155 | D:2      | Learned a level 3 spell: Inner Flame
  1448 | D:2      | Found a basalt altar of Yredelemnul.
  1450 | D:2      | Found a glowing silver altar of Zin.
  1611 | D:1      | Reached XP level 4. HP: 15/24 MP: 0/12
  2063 | D:2      | Reached skill level 5 in Spellcasting
  2265 | D:2      | Learned a level 4 spell: Sticky Flame
  2924 | D:3      | Found a white marble altar of Elyvilon.
  3072 | D:3      | Reached XP level 5. HP: 28/28 MP: 7/14
  3120 | D:3      | Noticed Sigmund
  3142 | D:3      | Slain by Sigmund

Vault maps used:
D:1:      dpeg_arrival_ternary
D:2:      minitemple, first_bread, grunt_ministairs_1
D:3:      lemuel_crystal_altar, uniq_sigmund

Skill      XL: |  1  2  3  4 |
---------------+-------------+-----
Spellcasting   | 4 5 |  5.3
Conjurations   | 2 |  2.9
Fire Magic     | 4 |  4.1
Dodging        | |  2.4
Stealth        | |  2.4

Action                   |  1- 3 |  4- 6 || total
-------------------------+-------+-------++-------
Melee: Short sword       |    14 |    26 ||    40
 Cast: Flame Tongue      |    62 |    26 ||    88
       Conjure Flame     |     2 |     1 ||     3
       Inner Flame       |     1 |     1 ||     2
       Throw Flame       |       |     7 ||     7
       Sticky Flame      |       |     4 ||     4
  Use: Scroll            |     5 |     2 ||     7
       Potion            |     1 |     4 ||     5
 Stab: Sleeping          |     1 |     1 ||     2
  Eat: Chunk             |     2 |     6 ||     8
Armor: Robe              |     4 |    10 ||    14
Dodge: Dodged            |    28 |    55 ||    83
